Jets vs Ducks (R1)

Created - March 26, 2025 at 19:17

Goals
1 2 3 T
Jets 1 1 2 4
Ducks 0 0 2 2
Shots
1 2 3 T
Jets 14 9 9 32
Ducks 11 11 15 37

1st period

1. Jets , Ryan Murray 6 (Pavel Buchnevich 12) at 18:17

Penalties :
Jake Dotchin (Ana) for High sticking (Minor) at 7:15

2nd period

2. Jets , Alex Tuch 14 (Ryan Johansen 29, Dougie Hamilton 20) at 3:27

Penalties :
Sam Reinhart (Win) for Tripping (Minor) at 9:04, Noah Hanifin (Ana) for Interference (Minor) at 13:13

3rd period

3. Ducks , Kris Versteeg 13 (Drew Doughty 37, Jakob Chychrun 25) at 0:50
4. Jets , Jack Roslovic 27 (Pavel Buchnevich 13, Tyler Seguin 39) at 8:07
5. Ducks , Carter Verhaeghe 13 (Cody Eakin 31, Kris Versteeg 11) at 13:18
6. Jets , Jack Roslovic 28 (Tyler Seguin 40, Pavel Buchnevich 14) at 15:29

Penalties :
Troy Stetcher (Win) for Roughing (Minor) at 18:07

Goalie Stats

Jacob Markstrom (Win), 35 saves from 37 shots - (0.946), W, 30-21-3, 60:00 minutes
Marek Mazanek (Ana), 28 saves from 32 shots - (0.875), L, 7-11-2, 60:00 minutes

Players Stats for Jets

Player Name              G  A  P  +/- PIM S  H  SB GA TA FO     MP     PP MP  PK MP  
------------------------------------------------------------------------------------
Adam Gaudette            0  0  0  -1  0   1  0  0  0  0  0/0    12:07   0:00   0:00 
Adam Larsson             0  0  0   0  0   0  1  3  2  0  0/0    20:45   0:00   2:21 
Alex Tuch                1  0  1   0  0   2  0  0  1  0  0/0    16:04   1:21   0:00 
Anthony Mantha           0  0  0   0  0   1  1  0  1  1  2/3    17:35   1:44   1:18 
Dougie Hamilton          0  1  1   2  0   1  2  1  1  0  0/0    25:06   2:08   1:45 
Dylan Strome             0  0  0  -1  0   1  3  0  0  0  2/5    13:06   0:47   0:10 
Erik Cernak              0  0  0   1  0   2  2  0  1  1  0/0    16:48   0:00   0:52 
Jack Roslovic            2  0  2   3  0   3  4  0  1  1  0/0    17:11   2:17   0:00 
Matt Martin              0  0  0  -1  0   1  0  0  0  0  0/0    14:35   0:00   2:33 
Mirco Mueller            0  0  0   0  0   1  0  0  0  2  0/0    11:55   0:00   0:00 
Pavel Buchnevich         0  3  3   3  0   1  0  1  0  0  1/1    16:32   1:41   0:00 
Roope Hintz              0  0  0   0  0   1  2  0  0  0  4/6    11:29   0:06   0:40 
Ryan Johansen            0  1  1   0  0   3  0  1  0  0  6/13   16:08   1:41   0:00 
Ryan Murray              1  0  1   2  0   2  2  2  0  2  0/0    25:26   1:50   2:06 
Sam Reinhart             0  0  0   0  2   5  0  0  1  0  1/2    13:00   2:08   0:25 
Samuel Blais             0  0  0   0  0   2  1  0  0  0  1/1    10:43   0:00   0:00 
Troy Stetcher            0  0  0  -1  2   2  0  1  0  0  0/0    17:50   1:50   0:38 
Tyler Seguin             0  2  2   3  0   3  1  2  0  0  17/26  19:47   2:17   2:36 

Players Stats for Ducks

Player Name              G  A  P  +/- PIM S  H  SB GA TA FO     MP     PP MP  PK MP  
------------------------------------------------------------------------------------
Brian Lee                0  0  0  -1  0   1  2  0  0  0  0/0    15:11   0:00   2:18 
Carter Verhaeghe         1  0  1   0  0   2  1  0  0  1  0/0    18:02   1:55   0:00 
Cody Eakin               0  1  1   0  0   4  1  0  0  1  10/22  18:57   1:55   0:51 
Drew Doughty             0  1  1   0  0   6  0  0  1  0  0/0    27:04   2:19   0:28 
Frederick Gaudreau       0  0  0  -1  0   2  0  1  0  0  3/11   14:41   1:56   1:04 
Jake Dotchin             0  0  0  -1  2   2  1  1  1  2  0/0    16:03   0:00   1:07 
Jakob Chychrun           0  1  1  -2  0   0  0  0  0  1  0/0    23:40   1:32   1:51 
Kris Versteeg            1  1  2   0  0   3  1  0  1  2  0/0    19:07   1:55   1:04 
Kyle Connor              0  0  0  -1  0   2  0  1  1  0  0/2    14:43   1:56   0:28 
Nick Merkley             0  0  0   0  0   0  0  0  0  0  0/0    12:04   0:00   0:00 
Nikita Tryamkin          0  0  0   0  0   0  0  1  0  1  0/0    14:49   1:32   1:40 
Noah Hanifin             0  0  0   0  2   1  1  0  0  0  0/0    23:16   2:19   0:32 
Patrice Bergeron         0  0  0  -1  0   3  2  1  0  0  8/15   14:29   0:00   2:14 
Robby Fabbri             0  0  0  -1  0   3  1  0  1  0  0/1    13:36   1:56   0:00 
Travis Zajac             0  0  0   0  0   2  1  1  0  0  2/3    12:04   0:00   0:00 
Tye McGinn               0  0  0   0  0   2  0  0  1  0  0/1    12:04   0:00   0:00 
Tyler Pitlick            0  0  0  -1  0   3  1  0  1  0  0/2    13:55   0:00   2:15 
Wayne Simmonds           0  0  0  -1  0   1  2  2  0  0  0/0    12:15   0:00   0:00 

3 Stars

1 - Jack Roslovic (Win)
2 - Pavel Buchnevich (Win)
3 - Tyler Seguin (Win)

Power Play

Jets - 0 on 2 Attempt(s) - 0.00%
Ducks - 0 on 2 Attempt(s) - 0.00%

Penalty Kill

Jets - 2 on 2 Attempt(s) - 100.00% - Score 0 goal in Penalty Kill
Ducks - 2 on 2 Attempt(s) - 100.00% - Score 0 goal in Penalty Kill

Team Stat

Jets - Hits : 19 - Faceoff Wins : 34 - Blocked Shots : 11 - Penalty Minutes : 4
Ducks - Hits : 14 - Faceoff Wins : 23 - Blocked Shots : 8 - Penalty Minutes : 4

Official

Referees : Dan O'Rourke and Michael Markovic
Linesman : Andrew Smith and Julien Fournier

Game Notes

No Game Note

Finance

Level 1 -- Attendance: 5603 (93.38%) -- Ticket Income $560,300
Level 2 -- Attendance: 5000 (100.00%) -- Ticket Income $350,000
Level 3 -- Attendance: 1955 (97.75%) -- Ticket Income $78,200
Level 4 -- Attendance: 3538 (88.45%) -- Ticket Income $106,140
Luxury Box -- Attendance: 927 (92.70%) -- Ticket Income $185,400
Game was played at the Arrow head pond.
Total Attendance: 17023 (94.57%)
Total Ticket Income: $1,280,040
Other Income: $192,006
Total Income: $1,472,046

Jets

5 vs 5 Forward 
   Center                   Left Wing                Right Wing               Time % Phy DF OF 
 1 Ryan Johansen            Anthony Mantha           Alex Tuch                30     1   2  2  
 2 Tyler Seguin             Pavel Buchnevich         Jack Roslovic            30     1   2  2  
 3 Dylan Strome             Matt Martin              Adam Gaudette            20     1   2  2  
 4 Roope Hintz              Samuel Blais             Sam Reinhart             20     1   2  2  

5 vs 5 Defense 
   Defense                  Defense                                           Time % Phy DF OF 
 1 Dougie Hamilton          Ryan Murray                                       40     1   2  2  
 2 Adam Larsson             Troy Stetcher                                     30     1   2  2  
 3 Erik Cernak              Mirco Mueller                                     20     1   3  1  
 4 Erik Cernak              Adam Larsson                                      10     1   2  2  

PowerPlay Forward 
   Center                   Left Wing                Right Wing               Time % Phy DF OF 
 1 Tyler Seguin             Anthony Mantha           Jack Roslovic            60     1   2  2  
 2 Ryan Johansen            Pavel Buchnevich         Alex Tuch                40     1   2  2  

PowerPlay Defense
   Defense                  Defense                                           Time % Phy DF OF 
 1 Dougie Hamilton          Sam Reinhart                                      60     1   2  2  
 2 Ryan Murray              Troy Stetcher                                     40     1   2  2  

Penalty Kill 4 Players Forward 
   Center                   Wing                     Time % Phy DF OF 
 1 Tyler Seguin             Matt Martin              60     1   2  2  
 2 Roope Hintz              Anthony Mantha           40     1   2  2  

Penalty Kill 4 Players Defense
   Defense                  Defense                  Time % Phy DF OF 
 1 Adam Larsson             Ryan Murray              60     1   2  2  
 2 Dougie Hamilton          Troy Stetcher            40     1   2  2  

Penalty Kill - 3 Players Forward 
   Forward                                           Time % Phy DF OF 
 1 Tyler Seguin                                      60     1   2  2  
 2 Matt Martin                                       40     1   2  2  

Penalty Kill - 3 Players Defense
   Defense                  Defense                  Time % Phy DF OF 
 1 Adam Larsson             Ryan Murray              60     1   2  2  
 2 Dougie Hamilton          Troy Stetcher            40     1   2  2  

4 vs 4 Forward 
   Center                   Wing                     Time % Phy DF OF 
 1 Tyler Seguin             Jack Roslovic            60     1   2  2  
 2 Ryan Johansen            Anthony Mantha           40     1   2  2  

4 vs 4 Defense
   Defense                  Defense                  Time % Phy DF OF 
 1 Adam Larsson             Ryan Murray              60     1   2  2  
 2 Dougie Hamilton          Troy Stetcher            40     1   2  2  

Last Minutes Offensive
   Center                   Left Wing                Right Wing               Defense                  Defense                  
   Tyler Seguin             Anthony Mantha           Jack Roslovic            Adam Larsson             Ryan Murray              

Last Minutes Defensive
   Center                   Left Wing                Right Wing               Defense                  Defense                  
   Tyler Seguin             Anthony Mantha           Jack Roslovic            Adam Larsson             Ryan Murray              

Goaltenders
Starting : Jacob Markstrom          
Backup : James Reimer             

Extra Forwards
Normal : Dylan Strome, Roope Hintz, Sam Reinhart - PP : Dylan Strome, Roope Hintz - PK : Sam Reinhart
Extra Defensemen
Normal : Erik Cernak, Mirco Mueller, Troy Stetcher - PP : Erik Cernak - PK : Ryan Murray, Dougie Hamilton
Penalty Shots
Tyler Seguin, Pavel Buchnevich, Adam Gaudette, Anthony Mantha, Jack Roslovic
Custom OT Lines Forwards
Tyler Seguin, Pavel Buchnevich, Jack Roslovic, Anthony Mantha, Ryan Johansen, Alex Tuch, Dylan Strome, Roope Hintz, Adam Gaudette, Sam Reinhart
Custom OT Lines Defensemen
Adam Larsson, Ryan Murray, Dougie Hamilton, Troy Stetcher, Erik Cernak

Scratches
Frank Vatrano (Healthy)

Ducks

5 vs 5 Forward 
   Center                   Left Wing                Right Wing               Time % Phy DF OF 
 1 Cody Eakin               Carter Verhaeghe         Kris Versteeg            30     0   1  4  
 2 Frederick Gaudreau       Robby Fabbri             Tyler Pitlick            25     0   1  4  
 3 Patrice Bergeron         Kyle Connor              Wayne Simmonds           25     1   1  3  
 4 Travis Zajac             Tye McGinn               Nick Merkley             20     2   2  1  

5 vs 5 Defense 
   Defense                  Defense                                           Time % Phy DF OF 
 1 Drew Doughty             Jakob Chychrun                                    40     0   2  3  
 2 Noah Hanifin             Jake Dotchin                                      30     1   1  3  
 3 Nikita Tryamkin          Brian Lee                                         20     3   1  1  
 4 Drew Doughty             Noah Hanifin                                      10     4   1  0  

PowerPlay Forward 
   Center                   Left Wing                Right Wing               Time % Phy DF OF 
 1 Cody Eakin               Carter Verhaeghe         Kris Versteeg            60     0   1  4  
 2 Frederick Gaudreau       Robby Fabbri             Kyle Connor              40     0   1  4  

PowerPlay Defense
   Defense                  Defense                                           Time % Phy DF OF 
 1 Drew Doughty             Noah Hanifin                                      60     0   1  4  
 2 Nikita Tryamkin          Jakob Chychrun                                    40     0   1  4  

Penalty Kill 4 Players Forward 
   Center                   Wing                     Time % Phy DF OF 
 1 Patrice Bergeron         Tyler Pitlick            60     1   2  2  
 2 Frederick Gaudreau       Kris Versteeg            40     1   2  2  

Penalty Kill 4 Players Defense
   Defense                  Defense                  Time % Phy DF OF 
 1 Jake Dotchin             Brian Lee                60     1   2  2  
 2 Nikita Tryamkin          Jakob Chychrun           40     1   2  2  

Penalty Kill - 3 Players Forward 
   Forward                                           Time % Phy DF OF 
 1 Cody Eakin                                        60     0   3  2  
 2 Travis Zajac                                      40     0   3  2  

Penalty Kill - 3 Players Defense
   Defense                  Defense                  Time % Phy DF OF 
 1 Drew Doughty             Noah Hanifin             60     0   3  2  
 2 Brian Lee                Nikita Tryamkin          40     0   3  2  

4 vs 4 Forward 
   Center                   Wing                     Time % Phy DF OF 
 1 Travis Zajac             Carter Verhaeghe         60     0   2  3  
 2 Patrice Bergeron         Wayne Simmonds           40     0   2  3  

4 vs 4 Defense
   Defense                  Defense                  Time % Phy DF OF 
 1 Jake Dotchin             Jakob Chychrun           60     0   2  3  
 2 Drew Doughty             Noah Hanifin             40     0   2  3  

Last Minutes Offensive
   Center                   Left Wing                Right Wing               Defense                  Defense                  
   Cody Eakin               Robby Fabbri             Kris Versteeg            Drew Doughty             Jakob Chychrun           

Last Minutes Defensive
   Center                   Left Wing                Right Wing               Defense                  Defense                  
   Cody Eakin               Carter Verhaeghe         Kris Versteeg            Jake Dotchin             Noah Hanifin             

Goaltenders
Starting : Marek Mazanek            
Backup : Michal Neuvirth          

Extra Forwards
Normal : Cody Eakin, Carter Verhaeghe, Kris Versteeg - PP : Cody Eakin, Carter Verhaeghe - PK : Cody Eakin
Extra Defensemen
Normal : Drew Doughty, Noah Hanifin, Jakob Chychrun - PP : Noah Hanifin - PK : Noah Hanifin, Jakob Chychrun
Penalty Shots
Robby Fabbri, Carter Verhaeghe, Kris Versteeg, Patrice Bergeron, Cody Eakin
Custom OT Lines Forwards
Carter Verhaeghe, Patrice Bergeron, Cody Eakin, Kris Versteeg, Robby Fabbri, Frederick Gaudreau, Tye McGinn, Tyler Pitlick, Kyle Connor, Travis Zajac
Custom OT Lines Defensemen
Drew Doughty, Noah Hanifin, Jakob Chychrun, Jake Dotchin, Nikita Tryamkin

Scratches
Alex Killorn (Healthy), Chris Bigras (Healthy), Mike Richards (Healthy), Jesse Puljujarvi (Healthy)

% Time on Ice - Jets

Lines # - Real PCT - Wanted PCT - Time Play
Normal Forward
1 - 28% - 30% - 14:35
2 - 28% - 30% - 14:51
3 - 23% - 20% - 12:02
4 - 21% - 20% - 10:43
Normal Defense
1 - 40% - 40% - 20:52
2 - 29% - 30% - 15:23
3 - 23% - 20% - 11:55
4 - 8% - 10% - 4:01
PP Forward
1 - 58% - 60% - 2:17
2 - 42% - 40% - 1:41
PP Defense
1 - 54% - 60% - 2:08
2 - 46% - 40% - 1:50
PK Forward
1 - 83% - 60% - 3:11
2 - 17% - 40% - 0:40
PK Defense
1 - 55% - 60% - 2:06
2 - 45% - 40% - 1:45
PK3 Forward
1 - 0% - 60%
2 - 0% - 40%
PK3 Defense
1 - 0% - 60%
2 - 0% - 40%
44 Forward
1 - 0% - 60%
2 - 0% - 40%
44 Defense
1 - 0% - 60%
2 - 0% - 40%
Last Minute Offensive  - 0:00
Last Minute Defensive  - 0:00
Total
Forward - 60:00
Defense - 60:00

% Time on Ice - Ducks

Lines # - Real PCT - Wanted PCT - Time Play
Normal Forward
1 - 31% - 30% - 16:11
2 - 22% - 25% - 11:41
3 - 23% - 25% - 12:15
4 - 23% - 20% - 12:04
Normal Defense
1 - 39% - 40% - 20:16
2 - 28% - 30% - 14:40
3 - 22% - 20% - 11:32
4 - 11% - 10% - 5:43
PP Forward
1 - 50% - 60% - 1:55
2 - 50% - 40% - 1:56
PP Defense
1 - 60% - 60% - 2:19
2 - 40% - 40% - 1:32
PK Forward
1 - 73% - 60% - 2:54
2 - 27% - 40% - 1:04
PK Defense
1 - 58% - 60% - 2:18
2 - 42% - 40% - 1:40
PK3 Forward
1 - 0% - 60%
2 - 0% - 40%
PK3 Defense
1 - 0% - 60%
2 - 0% - 40%
44 Forward
1 - 0% - 60%
2 - 0% - 40%
44 Defense
1 - 0% - 60%
2 - 0% - 40%
Last Minute Offensive  - 0:00
Last Minute Defensive  - 0:00
Total
Forward - 60:00
Defense - 60:00

Play-by-Play

1st period


0:01 of 1st period - Cody Eakin wins face-off versus Ryan Johansen in neutral zone.
0:04 of 1st period - Anthony Mantha is hit by Carter Verhaeghe and loses puck.
0:48 of 1st period - Slapshot by Kyle Connor.
0:48 of 1st period - Shot Blocked by Adam Larsson.
0:56 of 1st period - Slapshot by Drew Doughty.
0:56 of 1st period - Shot Misses the Net.
0:58 of 1st period - Slapshot by Drew Doughty.
0:58 of 1st period - Stopped by Jacob Markstrom with a rebound.
1:08 of 1st period - Tye McGinn is hit by Roope Hintz and loses puck.
2:36 of 1st period - Slapshot by Ryan Murray.
2:36 of 1st period - Stopped by Marek Mazanek with a rebound.
2:38 of 1st period - Snap shot by Ryan Murray.
2:38 of 1st period - Shot Misses the Net.
2:40 of 1st period - Slapshot by Ryan Murray.
2:40 of 1st period - Shot Blocked by Nikita Tryamkin.
2:46 of 1st period - Backhand shot by Dougie Hamilton.
2:46 of 1st period - Stopped by Marek Mazanek with a rebound.
3:20 of 1st period - Slapshot by Tyler Seguin.
3:20 of 1st period - Stopped by Marek Mazanek with a rebound.
3:22 of 1st period - Slapshot by Mirco Mueller.
3:22 of 1st period - Shot Misses the Net.
4:05 of 1st period - Icing by Dylan Strome.
4:06 of 1st period - Dylan Strome wins face-off versus Cody Eakin in Jets zone.
4:23 of 1st period - Kris Versteeg is hit by Erik Cernak and loses puck.
4:42 of 1st period - Snap shot by Matt Martin.
4:42 of 1st period - Stopped by Marek Mazanek with a rebound.
4:44 of 1st period - Slapshot by Erik Cernak.
4:44 of 1st period - Deflect By Adam Gaudette.
4:44 of 1st period - Stopped by Marek Mazanek without a rebound.
4:45 of 1st period - Patrice Bergeron wins face-off versus Tyler Seguin in Ducks zone.
5:22 of 1st period - Backhand shot by Samuel Blais.
5:22 of 1st period - Stopped by Marek Mazanek without a rebound.
5:23 of 1st period - Travis Zajac wins face-off versus Ryan Johansen in Ducks zone.
5:28 of 1st period - Snap shot by Ryan Johansen.
5:28 of 1st period - Stopped by Marek Mazanek without a rebound.
5:29 of 1st period - Ryan Johansen wins face-off versus Tye McGinn in Ducks zone.
6:19 of 1st period - Tye McGinn is hit by Dougie Hamilton and loses puck.
6:56 of 1st period - Snap shot by Ryan Johansen.
6:56 of 1st period - Stopped by Marek Mazanek with a rebound.
7:03 of 1st period - Icing by Jake Dotchin.
7:04 of 1st period - Tyler Seguin wins face-off versus Travis Zajac in Ducks zone.
7:13 of 1st period - Slapshot by Tyler Seguin.
7:13 of 1st period - Stopped by Marek Mazanek with a rebound.
7:15 of 1st period - Minor Penalty to Jake Dotchin for High sticking.
7:16 of 1st period - Tyler Seguin wins face-off versus Patrice Bergeron in Ducks zone.
7:31 of 1st period - Wrist shot by Dylan Strome.
7:31 of 1st period - Shot Misses the Net.
7:33 of 1st period - Snap shot by Tyler Seguin.
7:33 of 1st period - Deflect By Dylan Strome.
7:33 of 1st period - Shot Misses the Net.
7:33 of 1st period - Puck is out of play.
7:34 of 1st period - Tyler Seguin wins face-off versus Patrice Bergeron in Ducks zone.
9:15 of 1st period - Penalty to Jake Dotchin is over, Jake Dotchin is back on ice.
9:15 of 1st period - Off-side.
9:16 of 1st period - Cody Eakin wins face-off versus Tyler Seguin in neutral zone.
10:03 of 1st period - Drew Doughty is hit by Jack Roslovic and loses puck.
10:23 of 1st period - Slapshot by Patrice Bergeron.
10:23 of 1st period - Deflect By Wayne Simmonds.
10:23 of 1st period - Shot Misses the Net.
10:23 of 1st period - Puck is out of play.
10:24 of 1st period - Roope Hintz wins face-off versus Frederick Gaudreau in Jets zone.
10:24 of 1st period - Roope Hintz is hit by Brian Lee.
10:49 of 1st period - Adam Larsson is hit by Wayne Simmonds and loses puck.
11:00 of 1st period - Snap shot by Wayne Simmonds.
11:00 of 1st period - Shot Misses the Net.
11:02 of 1st period - Snap shot by Jake Dotchin.
11:02 of 1st period - Deflect By Kyle Connor.
11:02 of 1st period - Stopped by Jacob Markstrom without a rebound.
11:03 of 1st period - Cody Eakin wins face-off versus Roope Hintz in Jets zone.
11:04 of 1st period - Snap shot by Carter Verhaeghe.
11:04 of 1st period - Stopped by Jacob Markstrom with a rebound.
11:06 of 1st period - Slapshot by Jake Dotchin.
11:06 of 1st period - Stopped by Jacob Markstrom without a rebound.
11:07 of 1st period - Roope Hintz wins face-off versus Cody Eakin in Jets zone.
11:18 of 1st period - Snap shot by Cody Eakin.
11:18 of 1st period - Shot Blocked by Dougie Hamilton.
11:40 of 1st period - Snap shot by Wayne Simmonds.
11:40 of 1st period - Stopped by Jacob Markstrom without a rebound.
11:41 of 1st period - Tyler Seguin wins face-off versus Frederick Gaudreau in Jets zone.
11:45 of 1st period - Off-side.
11:46 of 1st period - Tyler Seguin wins face-off versus Frederick Gaudreau in neutral zone.
12:26 of 1st period - Snap shot by Ryan Johansen.
12:26 of 1st period - Shot Misses the Net.
12:48 of 1st period - Slapshot by Drew Doughty.
12:48 of 1st period - Stopped by Jacob Markstrom with a rebound.
12:58 of 1st period - Wrist shot by Robby Fabbri.
12:58 of 1st period - Deflect By Dougie Hamilton.
12:58 of 1st period - Stopped by Jacob Markstrom without a rebound.
12:59 of 1st period - Tyler Seguin wins face-off versus Frederick Gaudreau in Jets zone.
13:04 of 1st period - Tyler Pitlick is hit by Jack Roslovic.
13:08 of 1st period - Tyler Seguin is hit by Tyler Pitlick.
13:16 of 1st period - Snap shot by Tyler Pitlick.
13:16 of 1st period - Stopped by Jacob Markstrom with a rebound.
13:52 of 1st period - Snap shot by Roope Hintz.
13:52 of 1st period - Stopped by Marek Mazanek with a rebound.
13:56 of 1st period - Wrist shot by Samuel Blais.
13:56 of 1st period - Shot Blocked by Wayne Simmonds.
14:58 of 1st period - Snap shot by Cody Eakin.
14:58 of 1st period - Stopped by Jacob Markstrom with a rebound.
15:18 of 1st period - Slapshot by Matt Martin.
15:18 of 1st period - Shot Blocked by Wayne Simmonds.
15:20 of 1st period - Backhand shot by Erik Cernak.
15:20 of 1st period - Stopped by Marek Mazanek with a rebound.
15:22 of 1st period - Slapshot by Erik Cernak.
15:22 of 1st period - Stopped by Marek Mazanek with a rebound.
15:24 of 1st period - Snap shot by Dylan Strome.
15:24 of 1st period - Shot Misses the Net.
15:26 of 1st period - Slapshot by Mirco Mueller.
15:26 of 1st period - Shot Misses the Net.
15:42 of 1st period - Snap shot by Drew Doughty.
15:42 of 1st period - Stopped by Jacob Markstrom without a rebound.
15:43 of 1st period - Travis Zajac wins face-off versus Tyler Seguin in Jets zone.
16:05 of 1st period - Dougie Hamilton is hit by Travis Zajac and loses puck.
16:46 of 1st period - Wrist shot by Travis Zajac.
16:46 of 1st period - Deflect By Tye McGinn.
16:46 of 1st period - Shot Misses the Net.
16:46 of 1st period - Puck is out of play.
16:47 of 1st period - Cody Eakin wins face-off versus Ryan Johansen in Jets zone.
17:03 of 1st period - Off-side.
17:04 of 1st period - Roope Hintz wins face-off versus Patrice Bergeron in neutral zone.
17:13 of 1st period - Slapshot by Jake Dotchin.
17:13 of 1st period - Stopped by Jacob Markstrom without a rebound.
17:14 of 1st period - Patrice Bergeron wins face-off versus Sam Reinhart in Jets zone.
17:39 of 1st period - Wrist shot by Sam Reinhart.
17:39 of 1st period - Shot Misses the Net.
17:41 of 1st period - Slapshot by Troy Stetcher.
17:41 of 1st period - Shot Blocked by Patrice Bergeron.
17:43 of 1st period - Wrist shot by Sam Reinhart.
17:43 of 1st period - Stopped by Marek Mazanek without a rebound.
17:44 of 1st period - Anthony Mantha wins face-off versus Frederick Gaudreau in Ducks zone.
18:11 of 1st period - Pavel Buchnevich is hit by Kris Versteeg.
18:17 of 1st period - Backhand shot by Ryan Murray.
18:17 of 1st period - Goal by Ryan Murray - Jets : 1 - Ducks : 0.
18:18 of 1st period - Cody Eakin wins face-off versus Ryan Johansen in neutral zone.
19:08 of 1st period - Patrice Bergeron is hit by Dylan Strome and loses puck.
Goals for this period are 1 for Jets vs 0 for Ducks.
Shots for this period are 14 for Jets vs 11 for Ducks.

2nd period


0:01 of 2nd period - Tyler Seguin wins face-off versus Tyler Pitlick in neutral zone.
1:40 of 2nd period - Tyler Seguin is hit by Robby Fabbri and loses puck.
2:59 of 2nd period - Snap shot by Tyler Pitlick.
2:59 of 2nd period - Shot Misses the Net.
3:01 of 2nd period - Wrist shot by Frederick Gaudreau.
3:01 of 2nd period - Shot Blocked by Tyler Seguin.
3:05 of 2nd period - Wrist shot by Tyler Pitlick.
3:05 of 2nd period - Stopped by Jacob Markstrom with a rebound.
3:27 of 2nd period - Wrist shot by Alex Tuch.
3:27 of 2nd period - Goal by Alex Tuch - Jets : 2 - Ducks : 0.
3:28 of 2nd period - Ryan Johansen wins face-off versus Cody Eakin in neutral zone.
3:39 of 2nd period - Wrist shot by Anthony Mantha.
3:39 of 2nd period - Stopped by Marek Mazanek without a rebound.
3:40 of 2nd period - Tyler Seguin wins face-off versus Patrice Bergeron in Ducks zone.
3:44 of 2nd period - Icing by Drew Doughty.
3:45 of 2nd period - Patrice Bergeron wins face-off versus Tyler Seguin in Ducks zone.
4:10 of 2nd period - Slapshot by Tyler Pitlick.
4:10 of 2nd period - Deflect By Robby Fabbri.
4:10 of 2nd period - Shot Blocked by Tyler Seguin.
4:10 of 2nd period - Puck is out of play.
4:11 of 2nd period - Dylan Strome wins face-off versus Robby Fabbri in Jets zone.
4:11 of 2nd period - Dylan Strome is hit by Brian Lee.
4:22 of 2nd period - Off-side.
4:23 of 2nd period - Cody Eakin wins face-off versus Ryan Johansen in neutral zone.
4:30 of 2nd period - Wrist shot by Kris Versteeg.
4:30 of 2nd period - Shot Misses the Net.
4:36 of 2nd period - Kris Versteeg is hit by Anthony Mantha and loses puck.
4:44 of 2nd period - Icing by Jakob Chychrun.
4:45 of 2nd period - Cody Eakin wins face-off versus Dylan Strome in Ducks zone.
5:48 of 2nd period - Noah Hanifin is hit by Ryan Murray and loses puck.
6:41 of 2nd period - Snap shot by Tye McGinn.
6:41 of 2nd period - Stopped by Jacob Markstrom with a rebound.
6:43 of 2nd period - Slapshot by Brian Lee.
6:43 of 2nd period - Stopped by Jacob Markstrom with a rebound.
6:45 of 2nd period - Wrist shot by Travis Zajac.
6:45 of 2nd period - Shot Blocked by Ryan Johansen.
7:21 of 2nd period - Slapshot by Travis Zajac.
7:21 of 2nd period - Stopped by Jacob Markstrom without a rebound.
7:22 of 2nd period - Tyler Seguin wins face-off versus Cody Eakin in Jets zone.
7:33 of 2nd period - Snap shot by Pavel Buchnevich.
7:33 of 2nd period - Stopped by Marek Mazanek with a rebound.
7:54 of 2nd period - Jakob Chychrun is hit by Samuel Blais and loses puck.
7:59 of 2nd period - Wrist shot by Sam Reinhart.
7:59 of 2nd period - Stopped by Marek Mazanek with a rebound.
8:15 of 2nd period - Slapshot by Frederick Gaudreau.
8:15 of 2nd period - Stopped by Jacob Markstrom with a rebound.
8:18 of 2nd period - Icing by Mirco Mueller.
8:19 of 2nd period - Frederick Gaudreau wins face-off versus Dylan Strome in Jets zone.
8:20 of 2nd period - Wrist shot by Robby Fabbri.
8:20 of 2nd period - Stopped by Jacob Markstrom without a rebound.
8:21 of 2nd period - Tyler Seguin wins face-off versus Tyler Pitlick in Jets zone.
8:38 of 2nd period - Wrist shot by Jack Roslovic.
8:38 of 2nd period - Shot Misses the Net.
9:04 of 2nd period - Minor Penalty to Sam Reinhart for Tripping.
9:05 of 2nd period - Tyler Seguin wins face-off versus Cody Eakin in Jets zone.
9:16 of 2nd period - Snap shot by Drew Doughty.
9:16 of 2nd period - Shot Misses the Net.
9:18 of 2nd period - Slapshot by Drew Doughty.
9:18 of 2nd period - Shot Blocked by Adam Larsson.
9:20 of 2nd period - Snap shot by Drew Doughty.
9:20 of 2nd period - Stopped by Jacob Markstrom with a rebound.
9:30 of 2nd period - Wrist shot by Kyle Connor.
9:30 of 2nd period - Deflect By Robby Fabbri.
9:30 of 2nd period - Shot Misses the Net.
9:30 of 2nd period - Puck is out of play.
9:31 of 2nd period - Frederick Gaudreau wins face-off versus Tyler Seguin in Jets zone.
9:44 of 2nd period - Wrist shot by Frederick Gaudreau.
9:44 of 2nd period - Stopped by Jacob Markstrom with a rebound.
9:46 of 2nd period - Snap shot by Jakob Chychrun.
9:46 of 2nd period - Deflect By Robby Fabbri.
9:46 of 2nd period - Stopped by Jacob Markstrom without a rebound.
9:47 of 2nd period - Cody Eakin wins face-off versus Tyler Seguin in Jets zone.
9:50 of 2nd period - Snap shot by Kris Versteeg.
9:50 of 2nd period - Shot Misses the Net.
10:10 of 2nd period - Snap shot by Kyle Connor.
10:10 of 2nd period - Stopped by Jacob Markstrom without a rebound.
10:11 of 2nd period - Tyler Seguin wins face-off versus Cody Eakin in Jets zone.
10:24 of 2nd period - Wrist shot by Kris Versteeg.
10:24 of 2nd period - Shot Blocked by Ryan Murray.
10:26 of 2nd period - Snap shot by Carter Verhaeghe.
10:26 of 2nd period - Shot Blocked by Ryan Murray.
11:04 of 2nd period - Penalty to Sam Reinhart is over, Sam Reinhart is back on ice.
12:56 of 2nd period - Slapshot by Jakob Chychrun.
12:56 of 2nd period - Deflect By Kris Versteeg.
12:56 of 2nd period - Shot Misses the Net.
12:56 of 2nd period - Puck is out of play.
12:57 of 2nd period - Tyler Seguin wins face-off versus Kyle Connor in Jets zone.
13:13 of 2nd period - Minor Penalty to Noah Hanifin for Interference.
13:14 of 2nd period - Patrice Bergeron wins face-off versus Tyler Seguin in Ducks zone.
13:40 of 2nd period - Dougie Hamilton is hit by Patrice Bergeron and loses puck.
14:14 of 2nd period - Frederick Gaudreau is hit by Ryan Murray and loses puck.
15:13 of 2nd period - Penalty to Noah Hanifin is over, Noah Hanifin is back on ice.
15:46 of 2nd period - Slapshot by Troy Stetcher.
15:46 of 2nd period - Stopped by Marek Mazanek with a rebound.
15:48 of 2nd period - Snap shot by Sam Reinhart.
15:48 of 2nd period - Stopped by Marek Mazanek with a rebound.
16:02 of 2nd period - Roope Hintz is hit by Wayne Simmonds and loses puck.
16:09 of 2nd period - Samuel Blais is hit by Patrice Bergeron and loses puck.
16:34 of 2nd period - Brian Lee is hit by Jack Roslovic and loses puck.
16:50 of 2nd period - Jakob Chychrun is hit by Dylan Strome and loses puck.
17:39 of 2nd period - Slapshot by Dougie Hamilton.
17:39 of 2nd period - Deflect By Samuel Blais.
17:39 of 2nd period - Stopped by Marek Mazanek without a rebound.
17:40 of 2nd period - Samuel Blais wins face-off versus Kyle Connor in Ducks zone.
17:41 of 2nd period - Slapshot by Roope Hintz.
17:41 of 2nd period - Shot Misses the Net.
17:43 of 2nd period - Slapshot by Adam Larsson.
17:43 of 2nd period - Shot Misses the Net.
17:45 of 2nd period - Snap shot by Sam Reinhart.
17:45 of 2nd period - Shot Blocked by Kyle Connor.
17:47 of 2nd period - Wrist shot by Sam Reinhart.
17:47 of 2nd period - Stopped by Marek Mazanek with a rebound.
17:49 of 2nd period - Wrist shot by Sam Reinhart.
17:49 of 2nd period - Shot Misses the Net.
18:05 of 2nd period - Wrist shot by Kris Versteeg.
18:05 of 2nd period - Shot Blocked by Pavel Buchnevich.
18:07 of 2nd period - Snap shot by Cody Eakin.
18:07 of 2nd period - Stopped by Jacob Markstrom with a rebound.
18:34 of 2nd period - Snap shot by Troy Stetcher.
18:34 of 2nd period - Stopped by Marek Mazanek without a rebound.
18:35 of 2nd period - Ryan Johansen wins face-off versus Cody Eakin in Ducks zone.
Goals for this period are 1 for Jets vs 0 for Ducks.
Shots for this period are 9 for Jets vs 11 for Ducks.

3rd period


0:01 of 3rd period - Ryan Johansen wins face-off versus Cody Eakin in neutral zone.
0:16 of 3rd period - Wrist shot by Alex Tuch.
0:16 of 3rd period - Stopped by Marek Mazanek without a rebound.
0:17 of 3rd period - Tyler Seguin wins face-off versus Frederick Gaudreau in Ducks zone.
0:32 of 3rd period - Tyler Pitlick is hit by Dougie Hamilton and loses puck.
0:50 of 3rd period - Slapshot by Kris Versteeg.
0:50 of 3rd period - Goal by Kris Versteeg - Jets : 2 - Ducks : 1.
0:51 of 3rd period - Ryan Johansen wins face-off versus Patrice Bergeron in neutral zone.
1:08 of 3rd period - Slapshot by Anthony Mantha.
1:08 of 3rd period - Deflect By Ryan Johansen.
1:08 of 3rd period - Shot Blocked by Jake Dotchin.
1:08 of 3rd period - Puck is out of play.
1:09 of 3rd period - Cody Eakin wins face-off versus Tyler Seguin in Ducks zone.
1:45 of 3rd period - Wrist shot by Tyler Pitlick.
1:45 of 3rd period - Stopped by Jacob Markstrom without a rebound.
1:46 of 3rd period - Patrice Bergeron wins face-off versus Dylan Strome in Jets zone.
1:49 of 3rd period - Wrist shot by Patrice Bergeron.
1:49 of 3rd period - Stopped by Jacob Markstrom with a rebound.
1:51 of 3rd period - Wrist shot by Patrice Bergeron.
1:51 of 3rd period - Stopped by Jacob Markstrom with a rebound.
1:53 of 3rd period - Snap shot by Kyle Connor.
1:53 of 3rd period - Shot Misses the Net.
1:55 of 3rd period - Snap shot by Kyle Connor.
1:55 of 3rd period - Shot Blocked by Adam Larsson.
2:20 of 3rd period - Snap shot by Ryan Johansen.
2:20 of 3rd period - Stopped by Marek Mazanek with a rebound.
2:22 of 3rd period - Slapshot by Anthony Mantha.
2:22 of 3rd period - Shot Misses the Net.
2:55 of 3rd period - Snap shot by Sam Reinhart.
2:55 of 3rd period - Shot Misses the Net.
3:24 of 3rd period - Wrist shot by Dylan Strome.
3:24 of 3rd period - Shot Misses the Net.
4:47 of 3rd period - Slapshot by Tye McGinn.
4:47 of 3rd period - Stopped by Jacob Markstrom with a rebound.
4:49 of 3rd period - Snap shot by Brian Lee.
4:49 of 3rd period - Deflect By Travis Zajac.
4:49 of 3rd period - Stopped by Jacob Markstrom with a rebound.
5:03 of 3rd period - Cody Eakin is hit by Adam Larsson.
5:33 of 3rd period - Drew Doughty is hit by Erik Cernak and loses puck.
6:30 of 3rd period - Anthony Mantha is hit by Jake Dotchin and loses puck.
6:49 of 3rd period - Cody Eakin is hit by Tyler Seguin and loses puck.
7:57 of 3rd period - Wrist shot by Jack Roslovic.
7:57 of 3rd period - Stopped by Marek Mazanek without a rebound.
7:58 of 3rd period - Tyler Seguin wins face-off versus Frederick Gaudreau in Ducks zone.
8:07 of 3rd period - Wrist shot by Jack Roslovic.
8:07 of 3rd period - Goal by Jack Roslovic - Jets : 3 - Ducks : 1.
8:08 of 3rd period - Anthony Mantha wins face-off versus Cody Eakin in neutral zone.
8:33 of 3rd period - Jakob Chychrun is hit by Jack Roslovic and loses puck.
9:24 of 3rd period - Snap shot by Adam Gaudette.
9:24 of 3rd period - Shot Blocked by Travis Zajac.
9:34 of 3rd period - Slapshot by Noah Hanifin.
9:34 of 3rd period - Stopped by Jacob Markstrom without a rebound.
9:35 of 3rd period - Cody Eakin wins face-off versus Ryan Johansen in Jets zone.
9:50 of 3rd period - Slapshot by Kris Versteeg.
9:50 of 3rd period - Stopped by Jacob Markstrom without a rebound.
9:51 of 3rd period - Tyler Seguin wins face-off versus Patrice Bergeron in Jets zone.
10:03 of 3rd period - Wrist shot by Jack Roslovic.
10:03 of 3rd period - Deflect By Wayne Simmonds.
10:03 of 3rd period - Shot Misses the Net.
10:03 of 3rd period - Puck is out of play.
10:04 of 3rd period - Ryan Johansen wins face-off versus Cody Eakin in Ducks zone.
10:46 of 3rd period - Kris Versteeg is hit by Roope Hintz and loses puck.
12:16 of 3rd period - Snap shot by Dylan Strome.
12:16 of 3rd period - Stopped by Marek Mazanek with a rebound.
12:41 of 3rd period - Kris Versteeg is hit by Dylan Strome and loses puck.
13:08 of 3rd period - Snap shot by Cody Eakin.
13:08 of 3rd period - Stopped by Jacob Markstrom with a rebound.
13:10 of 3rd period - Slapshot by Drew Doughty.
13:10 of 3rd period - Stopped by Jacob Markstrom with a rebound.
13:12 of 3rd period - Snap shot by Cody Eakin.
13:12 of 3rd period - Shot Misses the Net.
13:14 of 3rd period - Snap shot by Kris Versteeg.
13:14 of 3rd period - Stopped by Jacob Markstrom with a rebound.
13:16 of 3rd period - Wrist shot by Cody Eakin.
13:16 of 3rd period - Stopped by Jacob Markstrom with a rebound.
13:18 of 3rd period - Snap shot by Carter Verhaeghe.
13:18 of 3rd period - Goal by Carter Verhaeghe - Jets : 3 - Ducks : 2.
13:19 of 3rd period - Pavel Buchnevich wins face-off versus Patrice Bergeron in neutral zone.
13:32 of 3rd period - Snap shot by Patrice Bergeron.
13:32 of 3rd period - Stopped by Jacob Markstrom without a rebound.
13:33 of 3rd period - Frederick Gaudreau wins face-off versus Anthony Mantha in Jets zone.
14:12 of 3rd period - Slapshot by Jack Roslovic.
14:12 of 3rd period - Shot Misses the Net.
14:26 of 3rd period - Wrist shot by Tye McGinn.
14:26 of 3rd period - Shot Blocked by Troy Stetcher.
14:56 of 3rd period - Slapshot by Troy Stetcher.
14:56 of 3rd period - Deflect By Tyler Seguin.
14:56 of 3rd period - Stopped by Marek Mazanek without a rebound.
14:57 of 3rd period - Patrice Bergeron wins face-off versus Tyler Seguin in Ducks zone.
15:29 of 3rd period - Snap shot by Jack Roslovic.
15:29 of 3rd period - Goal by Jack Roslovic - Jets : 4 - Ducks : 2.
15:30 of 3rd period - Roope Hintz wins face-off versus Frederick Gaudreau in neutral zone.
16:05 of 3rd period - Snap shot by Sam Reinhart.
16:05 of 3rd period - Stopped by Marek Mazanek without a rebound.
16:06 of 3rd period - Patrice Bergeron wins face-off versus Ryan Johansen in Ducks zone.
17:04 of 3rd period - Wrist shot by Mirco Mueller.
17:04 of 3rd period - Stopped by Marek Mazanek without a rebound.
17:05 of 3rd period - Patrice Bergeron wins face-off versus Roope Hintz in Ducks zone.
18:07 of 3rd period - Minor Penalty to Troy Stetcher for Roughing.
18:08 of 3rd period - Tyler Seguin wins face-off versus Cody Eakin in Jets zone.
18:08 of 3rd period - Tyler Seguin is hit by Noah Hanifin.
18:55 of 3rd period - Wrist shot by Dougie Hamilton.
18:55 of 3rd period - Shot Blocked by Frederick Gaudreau.
19:27 of 3rd period - Wrist shot by Drew Doughty.
19:27 of 3rd period - Stopped by Jacob Markstrom without a rebound.
19:28 of 3rd period - Sam Reinhart wins face-off versus Cody Eakin in Jets zone.
19:28 of 3rd period - Sam Reinhart is hit by Cody Eakin.
Goals for this period are 2 for Jets vs 2 for Ducks.
Shots for this period are 9 for Jets vs 15 for Ducks.